 Dungeon Crawl Stone Soup version 0.28.0-43-g3370ac3207 (webtiles) character file.

Game seed: 12845331477524704156

66 pkoi the Gusty (level 3, -3/26 HPs)
             Began as a Draconian Air Elementalist on Mar 10, 2022.
             Slain by an orc
             ... wielding a +0 hand axe
              (6 damage)
             ... on level 4 of the Dungeon.
             The game lasted 00:03:27 (3303 turns).

pkoi the Gusty (Draconian Air Elementalist)         Turns: 3303, Time: 00:03:27

Health: -3/26      AC:  7    Str: 10    XL:     3   Next: 96%
Magic:  2/6        EV: 12    Int: 17    God:
Gold:   136        SH:  0    Dex: 11    Spells: 2/6 levels left

rFire   . . .      SeeInvis .   f - staff of conjuration
rCold   . . .      Faith    .   (no shield)
rNeg    . . .      Spirit   .   (armour unavailable)
rPois   .          Reflect  .   (helmet restricted)
rElec   .          Harm     .   (no cloak)
rCorr   .          Rampage  .   (no gloves)
Will    .....                   j - +1 pair of boots
Stlth   ++........              (no amulet)
HPRegen 0.08/turn               i - ring of flight
MPRegen 0.10/turn               (no ring)

@: flying
A: AC +5, unfitting armour, cold-blooded
a: no special abilities


You were on level 4 of the Dungeon.
You visited 1 branch of the dungeon, and saw 4 of its levels.

You collected 136 gold pieces.

Inventory:

Hand Weapons
 h - a +0 dagger
 k - a +1 dagger of draining
Armour
 j - a +1 pair of boots (worn)
Magical Staves
 f - a staff of conjuration (weapon)
 l - a staff of poison
Jewellery
 i - a ring of flight (left hand)
Scrolls
 g - a scroll of immolation
 m - a scroll of magic mapping {unknown}
Potions
 a - a potion of mutation {unknown}
 b - a potion of degeneration {unknown}
 c - a potion of brilliance
 d - 5 potions of curing {unknown}
 e - a potion of attraction {unknown}


   Skills:
 - Level 1.7 Dodging
 - Level 1.7 Stealth
 - Level 2.0 Spellcasting
 - Level 1.0 Conjurations
 + Level 4.9 Air Magic


You had 2 spell levels left.
You knew the following spells:

 Your Spells              Type           Power      Damage    Failure   Level
a - Shock                 Conj/Air       68%        1d7       6%          1
b - Swiftness             Air            18%        N/A       8%          3

Your spell library contained the following spells:

 Spells                   Type           Power      Damage    Failure   Level
 Static Discharge         Conj/Air       17%        N/A       9%          2
 Pain                     Necr           4%         1d4       19%         1
 Airstrike                Air            9%         N/A       26%         4
 Agony                    Necr           1%         N/A       99%         5
 Excruciating Wounds      Necr           0%         N/A       99%         5


Dungeon Overview and Level Annotations

Branches:
Dungeon (4/15)
 Temple: D:4-7

Altars:

Shops:
D:1 :


Innate Abilities, Weirdness & Mutations

Your plain brown scales are hard. (AC +5)
You cannot fit into any form of body armour.
You are cold-blooded and may be slowed by cold attacks.


Message History

Found a scroll labelled JINYUX TULUSCH.
There is a stone staircase leading up here.
m - a scroll labelled JINYUX TULUSCH An orc comes into view.
It is wielding a +0 hand axe.
An orc is nearby!
An orc is nearby!
You feel a surge of power!
The zap hits the orc.
The orc is heavily wounded.
The orc shouts!
You hear a shout!
You feel a surge of power!
The zap hits the orc.
The orc is almost dead.
You hear a shout!
An orc priest comes into view. It is wielding a +0 club.
An orc comes into view. It is wielding a +0 dagger.
You feel a surge of power!
The zap hits the orc but does no damage.
The orc is almost dead.
The orc shouts!
You feel a surge of power!
The zap misses the orc.
An orc wizard comes into view. It is wielding a +0 dagger.
An orc comes into view. It is wielding a +0 hand axe.
You feel a surge of power!
The zap hits the orc but does no damage.
The orc is severely wounded.
The zap hits the orc priest.
The orc priest is moderately wounded.
The orc shouts!
The orc priest calls upon Beogh to heal the orc.
The orc's wounds heal themselves!
The orc priest mumbles some strange prayers to Beogh against you.
Beogh smites you!
* * * LOW HITPOINT WARNING * * *
The orc hits you with a +0 hand axe.
* * * LOW HITPOINT WARNING * * *
The orc priest calls down the wrath of Beogh upon you.
Beogh smites you!
* * * LOW HITPOINT WARNING * * *
There is a stone staircase leading up here.
The orc hits you with a +0 hand axe.
You die...

.........####
#..........#..
#............#
##.....o....##
#.....o.o....
#..........#
#......o...#
#......o...#
#.....@....#
##........##
##......##
########


You could see an orc priest, an orc wizard and 3 orcs.

Vanquished Creatures
  3 adders
  A dart slug (D:3)
  6 orcs
  4 endoplasms
  2 goblins
  3 hobgoblins
  2 kobolds
  2 quokkas (D:2)
  2 ball pythons
  4 frilled lizards
  3 rats
32 creatures vanquished.

Notes
Turn   | Place    | Note
-------+----------+-------------------------------------------
     0 | D:1      | pkoi the Draconian Air Elementalist began the quest for the
                  | Orb.
     0 | D:1      | Reached XP level 1. HP: 14/14 MP: 3/3
   525 | D:1      | Found Inusm's Book Shoppe.
  1231 | D:2      | Identified the +1 helmet of the Bagpipe {rCorr}
  1290 | D:2      | Reached XP level 2. HP: 19/20 MP: 1/5
  1568 | D:2      | Reached skill level 4 in Air Magic
  2271 | D:3      | Reached XP level 3. HP: 26/26 MP: 2/6
  2448 | D:3      | Learned a level 3 spell: Swiftness
  2568 | D:3      | Found a faded altar of an unknown god.
  3303 | D:4      | Slain by an orc

Illustrated notes

Levels and vault maps discovered:
D:1:      matt_arrival_spirals, layout_basic, serial_shops, shop,
          minmay_pentomino_q2
D:2:      layout_basic
D:3:      layout_rooms, hellmonk_ecumenical_altar_crossroads
D:4:      layout_rooms, bloody_trog, uniq_pargi

Skill      XL: |  1  2 |
---------------+-------+-----
Air Magic      | 4 |  4.9
Dodging        | |  1.7
Stealth        | |  1.7
Spellcasting   | |  2.0
Conjurations   | |  1.0

Action                   || total
-------------------------++-------
Melee: Unarmed           ||     7
       Staff             ||    12
       Dagger            ||     5
 Cast: Shock             ||    80
  Use: Scroll            ||     5
Armor: Skin              ||    16
Dodge: Dodged            ||    29
